 Seeded DCSS version 0.31-a0-208-gdb31a4691d (webtiles) character file.

Game seed: 14209007432101048097 (custom seed)

931 innerfire43 the Trooper (level 7, -7/57 HPs)
             Began as a Demonspawn Monk on June 28, 2023.
             Was an Initiate of Yredelemnul.
             Mangled by a gnoll sergeant
             ... wielding a +0 spear of freezing
              (9 damage)
             ... on level 6 of the Dungeon.
             The game lasted 00:04:56 (3263 turns).

innerfire43 the Trooper (Demonspawn Monk)           Turns: 3263, Time: 00:04:57

Health: -7/57      AC:  2    Str: 13    XL:     7   Next: 86%
Magic:  7/7        EV: 14    Int: 11    God:    Yredelemnul [......]
Gold:   16         SH:  4    Dex: 16    Spells: 6/6 levels left

rFire   . . .        n - +7 great mace
rCold   . . .        (shield currently unavailable)
rNeg    . . .        b - +0 robe
rPois   .            (helmet restricted)
rElec   .            (no cloak)
rCorr   .            (no gloves)
SInv    .            (no boots)
Will    .....        h - amulet of the acrobat
Stlth   +            (no ring)
HPRegen 0.29/turn    (no ring)
MPRegen 0.10/turn

%: acrobat
@: no status effects
A: horns 1, large bone plates 1, powered by pain 1
a: Renounce Religion, Recall Undead Harvest


You were on level 6 of the Dungeon.
You worshipped Yredelemnul.
Yredelemnul was noncommittal.
You visited 1 branch of the dungeon, and saw 5 of its levels.

You collected 192 gold pieces.
You spent 176 gold pieces at shops.

Inventory:

Hand Weapons
 a - a +0 hand axe
 n - a +7 great mace (weapon)
Armour
 b - a +0 robe (worn)
 d - an orb of light
Jewellery
 h - an amulet of the acrobat (around neck)
 i - a ring of fire
Scrolls
 e - a scroll of identify
 l - a scroll of poison {unknown}
 m - 2 scrolls of teleportation
Potions
 f - a potion of brilliance {unknown}
 g - a potion of magic {unknown}
 j - 2 potions of curing
 k - a potion of haste {unknown}
 o - a potion of enlightenment {unknown}
 q - a potion of attraction {unknown}


   Skills:
 + Level 5.7 Fighting
 - Level 4.2(5.0) Axes
 * Level 3.9(4.8) Maces & Flails
 + Level 5.1 Dodging


You had 6 spell levels left.
You didn't know any spells.
Your spell library contained the following spells:

 Spells                   Type           Power      Damage    Failure   Level
 Slow                     Hex            0%         N/A       34%         1
 Ensorcelled Hibernation  Hex/Ice        0%         N/A       47%         2
 Confusing Touch          Hex            0%         N/A       71%         3
 Spider Form              Tmut/Pois      0%         N/A       71%         3
 Vampiric Draining        Necr           0%         2d6       71%         3
 Anguish                  Hex/Necr       0%         N/A       98%         4


Dungeon Overview and Level Annotations

Branches:
Dungeon (4/15)
 Temple: D:4-7

Altars:
Ru
Yredelemnul

Shops:
D:4 !


Innate Abilities, Weirdness & Mutations

You have a pair of small horns on your head.
You are partially covered in large bone plates. (SH +4)
You sometimes gain a little power by taking damage.


Message History

You block the ogre's attack. The gnoll sergeant misses you.
Things that are here:
a +0 dagger; a +0 robe You bludgeon the ogre!!
You kill the ogre!
The dead are walking!
The gnoll sergeant closely misses you.
The gnoll sergeant hits you from afar with a +0 spear of freezing!
The gnoll sergeant freezes you.
The howler monkey hoots and howls with incredible vigour!
The gnoll sergeant completely misses you.
Things that are here:
a +0 giant club; a +0 orcbow The gnoll sergeant hits you with a +0 spear of freezing!
The gnoll sergeant freezes you.
Things that are here:
a +0 short sword; a +0 chain mail You hit the gnoll sergeant.
The gnoll sergeant is lightly wounded.
The gnoll sergeant hits you with a +0 spear of freezing!
The gnoll sergeant freezes you.
The orc wizard gestures wildly while chanting.
The orc wizard flickers and vanishes!
Deactivating autopickup; reactivate with Ctrl-A.
You hear an angry hiss.
The gnoll sergeant blocks your attack.
The gnoll sergeant is lightly wounded.
An adder comes into view.
The gnoll sergeant hits you with a +0 spear of freezing!
* * * LOW HITPOINT WARNING * * *
The gnoll sergeant freezes you.
* * * LOW HITPOINT WARNING * * *
Your ogre zombie hits the gnoll sergeant but does no damage.
You block the gnoll sergeant's attack.
An ogre comes into view. It is wielding a +0 giant club.
You sock the gnoll sergeant!
The gnoll sergeant is heavily wounded.
Your ogre zombie misses the gnoll sergeant.
The gnoll sergeant hits you with a +0 spear of freezing!
You die...
Your body rises from the dead as a mindless zombie.

#.# #.#
#.#
#.#######
#........
#)#######
#)#
#)#####
#.))Z@#
#####g#
#s# ##o#
#Jh# #S{#
### #.O#
.'
#..#..#
#..#..#


You could see an ogre, a gnoll sergeant (ally target), a scorpion, a howler
monkey, a jelly, an adder, an orc and a friendly ogre zombie.

Vanquished Creatures
  An orc warrior (D:6)
  3 ogres
  A centaur (D:6)
  A hound (D:4)
  An iguana (D:4)
  An orc wizard (D:6)
  6 gnolls
  3 adders
  2 ufetubi
  2 dart slugs
  3 orcs
  7 ball pythons
  2 bats (D:2)
  4 endoplasms
  5 giant cockroaches
  7 hobgoblins
  6 jackals (D:1)
  A kobold (D:2)
  A quokka (D:4)
  4 frilled lizards
  8 goblins
  3 rats
72 creatures vanquished.

Vanquished Creatures (collateral kills)
  Grinder (D:4)
  A howler monkey (D:6)
  An adder (D:6)
  A worm (D:2)
  The ghost of Leavold the Caller, a weakling DESu (D:3)
  An orc (D:6)
  A jackal (D:1)
  2 kobolds
  A frilled lizard (D:3)
10 creatures vanquished.

Vanquished Creatures (others)
  A centaur zombie (D:6)
  An orc wizard (D:6)
  A howler monkey zombie (D:6)
  A bat zombie (D:1)
  A ball python zombie (D:3)
  A frilled lizard zombie (D:3)
  2 gnoll zombies
  2 goblin zombies (D:3)
  A hobgoblin zombie (D:3)
  3 orc zombies
  A rat zombie (D:3)
  A spectral ufetubus (D:6)
16 creatures vanquished.

Grand Total: 98 creatures vanquished

Notes
Turn   | Place    | Note
-------+----------+-------------------------------------------
     0 | D:1      | innerfire43 the Demonspawn Monk began the quest for the
                  | Orb.
     0 | D:1      | Reached XP level 1. HP: 18/18 MP: 1/1
    88 | D:1      | Gained mutation: You have a pair of small horns on your
                  | head. [demonic ancestry]
    88 | D:1      | Reached XP level 2. HP: 11/24 MP: 2/2
   159 | D:1      | Found a faded altar of an unknown god.
   197 | D:1      | Prayed at the altar of an unknown god.
   197 | D:1      | Became a worshipper of Yredelemnul the Dark
   197 | D:1      | Reached * piety under Yredelemnul
   197 | D:1      | Reached ** piety under Yredelemnul
   504 | D:1      | Reached *** piety under Yredelemnul
   932 | D:2      | Reached XP level 3. HP: 25/29 MP: 3/3
  1435 | D:2      | Reached XP level 4. HP: 37/37 MP: 4/4
  2190 | D:3      | Found a transporter.
  2191 | D:3      | Noticed Leavold's ghost (weakling DESu)
  2194 | D:3      | Noticed an ogre
  2194 | D:3      | Noticed an ogre
  2503 | D:3      | Found a transporter.
  2515 | D:3      | Killed Leavold's ghost
  2521 | D:3      | Killed an ogre
  2522 | D:3      | Reached XP level 5. HP: 20/43 MP: 3/5
  2530 | D:3      | Killed an ogre
  2531 | D:3      | Gained mutation: You sometimes gain a little power by
                  | taking damage. [demonic ancestry]
  2531 | D:3      | Reached XP level 6. HP: 37/49 MP: 6/6
  2727 | D:4      | Noticed Grinder
  2727 | D:4      | Paralysed by Grinder for 3 turns
  2734 | D:4      | Paralysed by Grinder for 5 turns
  2736 | D:4      | Killed Grinder
  2737 | D:4      | Reached skill level 5 in Fighting
  2737 | D:4      | Gained mutation: You are partially covered in large bone
                  | plates. (SH +4) [demonic ancestry]
  2737 | D:4      | Reached XP level 7. HP: 19/56 MP: 7/7
  2885 | D:4      | Found a sacrificial altar of Ru.
  3070 | D:4      | Found Bant's Distillery.
  3073 | D:4      | Bought a potion of heal wounds for 55 gold pieces
  3073 | D:4      | Bought 2 potions of curing for 66 gold pieces
  3073 | D:4      | Bought a potion of heal wounds for 55 gold pieces
  3185 | D:4      | You fall into a shaft and drop 2 floors!
  3243 | D:6      | Reached skill level 5 in Dodging
  3262 | D:6      | HP: 2/57 [gnoll sergeant/+0 spear of freezing (3)]
  3263 | D:6      | Mangled by a gnoll sergeant

Illustrated notes

Levels and vault maps discovered:
D:1:      lemuel_arrival_funnel, layout_basic,
          hellmonk_ecumenical_altar_pennies_from_heaven, minmay_fountain_box,
          minmay_misc_feat_plants, minmay_tree_intersection
D:2:      layout_basic
D:3:      layout_rooms, gammafunk_ghost_smash
D:4:      layout_basic, mainiacjoe_overflow_catwalk_spiral,
          gammafunk_temple_overflow_elements, serial_shops, shop, uniq_grinder
D:6:      kennysheep_windowed_halls, layout_loops_ring, temple_fountains

Skill      XL: |  1  2  3  4  5  6  7 |
---------------+----------------------+-----
Axes           | 3 4 |  4.2
Dodging        | 3 4 5 |  5.1
Fighting       | 4 5 |  5.7
Maces & Flails | 2 3 |  3.9

Action                     |  1- 3 |  4- 6 |  7- 9 || total
---------------------------+-------+-------+-------++-------
  Melee: Hand axe          |    69 |    69 |       ||   138
         Headbutt          |    14 |    16 |     5 ||    35
         Great mace        |       |    11 |    31 ||    42
 Invoke: Recall Undead Har |       |     1 |       ||     1
    Use: Potion            |       |     1 |     4 ||     5
         Scroll            |       |     4 |       ||     4
   Stab: Distracted        |     1 |     1 |       ||     2
 Armour: Robe              |     6 |    12 |     2 ||    20
  Dodge: Dodged            |    67 |    62 |    50 ||   179
  Block: Other             |       |       |    16 ||    16

Table legend: (Time is in decaauts)
 A = Elapsed time spent in this place.
 B = Non-inter-level travel time spent in this place.
 C = Inter-level travel time spent in this place.
 D = Time resting spent in this place.
 E = Time spent auto-exploring this place.
 F = Levels seen in this place.
 G = Mean time per level.
                   A        B        C        D        E       F      G
               +--------+--------+--------+--------+--------+-----+--------+
         Total |   3303 |   3215 |     88 |      0 |   2659 |   5 |  660.6 |
       Dungeon |   3303 |   3215 |     88 |      0 |   2659 |   5 |  660.6 |
               +--------+--------+--------+--------+--------+-----+--------+

Top non-repeatable levels by time:
     D:2: 1025 daAuts
     D:1: 936 daAuts
     D:3: 686 daAuts
     D:4: 563 daAuts
     D:6: 91 daAuts
